Cogmind - Beta 16 @@@ ROGUE MODE // 2025.11.15 @ 02:58:27 Player: Appleyapple Result: Destroyed by YI-UF0 with YI-UF0's Doublenader Performance ------------- Evolutions (0) 0 Regions Visited (2) 400 Robots Destroyed (8) 40 Value Destroyed (134) 134 Prototype IDs (0) 0 Alien Tech Used (0) 0 Bonus (0) 0 TOTAL SCORE: 574 Bonus ------- None Cogmind --------- Core Integrity 0/250 Matter 124/300 Energy 100/100 System Corruption 1% Temperature Cool (0) Movement Core (700) Ox13 Location -10/Mines Parts ------- > --- POWER (1) -------- (None) > --- PROPULSION (2) --- (None) > --- UTILITY (2) ------ High-capacity Storage Unit > --- WEAPON (2) ------- Assault Rifle > --- INVENTORY (20) --- Aluminum Leg Medium Laser Grenade Launcher Peak State ------------ > --- POWER ------------ Ion Engine > --- PROPULSION ------- Aluminum Leg Aluminum Leg > --- UTILITY ---------- Small Storage Unit Sensor Array > --- WEAPON ----------- Assault Rifle Grenade Launcher > --- INVENTORY -------- High-capacity Matter Pod Medium Laser [Rating: 7] Favorites ----------- Power Ion Engine Engine Ion Engine Propulsion Aluminum Leg Treads Light Treads Leg Aluminum Leg Utility Sensor Array Device Sensor Array Storage High-capacity Storage Unit Weapon Assault Rifle Energy Gun Medium Laser Ballistic Gun Assault Rifle Launcher Grenade Launcher Build | -11 -10 -10 ------- Run | Yrd Mat Min Slots Evolved . | . . . Power . | . . . Propulsion . | . . . Utility . | . . . Weapon . | . . . Parts Attached 10 | 7 3 . Power 1 | 1 . . Engine 1 | 1 . . Core . | . . . Reactor . | . . . Propulsion 3 | 3 . . Treads 1 | 1 . . Leg 2 | 2 . . Wheel . | . . . Hover . | . . . Flight . | . . . Utility 3 | 1 2 . Device 1 | . 1 . Storage 2 | 1 1 . Processor . | . . . Hackware . | . . . Protection . | . . . Artifact . | . . . Weapon 3 | 2 1 . Energy Gun 1 | 1 . . Energy Cannon . | . . . Ballistic Gun 1 | 1 . . Ballistic Cannon . | . . . Launcher 1 | . 1 . Special Weapon . | . . . Impact Weapon . | . . . Slashing Weapon . | . . . Piercing Weapon . | . . . Special Melee Weapon . | . . . Unidentified Prototypes . | . . . Parts Lost 4 | . . 4 Power 1 | . . 1 Propulsion 2 | . . 2 Utility 1 | . . 1 Weapon . | . . . Highest Loss Streak 4 | . . 4 To Critical Strikes . | . . . Average Backups 1 | . 1 1 Power . | . . . Propulsion . | . . . Utility . | . . . Weapon . | . . 1 Tool/Special . | . . . Unused Backups 3 | 2 1 . Power . | . . . Propulsion 1 | 1 . . Utility 1 | . 1 . Weapon 1 | 1 . . Tool/Special . | . . . Average Slot Usage (%) 96 | . 93 98 Engine 13 | . 14 13 Leg 27 | . 28 27 Device 11 | . 8 14 Storage 14 | . 14 14 Ballistic Gun 14 | . 14 14 Launcher 12 | . 11 13 Peak Build Rating 7 | 6 7 7 Average Rating 6 | 4 6 6 On Entrance 4 | . 6 7 Avg Prop Armor Cover (%) 18 | 18 . . Naked Turns . | . . . Heaviest Build 51 | 14 51 51 Greatest Support 20 | 20 20 20 Greatest Overweight (x) 2 | 1 2 2 Average Overweight (x) . | . . 2 Largest Inventory Capacity 20 | 8 20 20 Average Capacity 14 | 6 9 20 Most Carried 5 | 5 3 3 Average Carried 1 | . 1 1 Final Capacity 20 | 8 20 20 Final Carried 3 | . 1 3 Class Distribution -------------------- 100% | Mutant Dominant Class ---------------- Mutant | -10/Materials Mutant | -10/Mines Resources | -11 -10 -10 ----------- Run | Yrd Mat Min Matter Collected 242 | 201 11 30 Remotely . | . . . Salvage Created 94 | . 73 21 Parts 12 | . 8 4 Haulers Intercepted . | . . . Recyclers Shooed . | . . . Parts Field Recycled . | . . . Retrieved Matter . | . . . Parts Self-Destructed . | . . . Prevented . | . . . Parts Restored . | . . . Kills | -11 -10 -10 ------- Run | Yrd Mat Min Combat Hostiles Destroyed 7 | . 4 3 Guns 1 | . 1 . AOE 6 | . 3 3 Classes Destroyed 3 | . 3 . Watcher 1 | . 1 . Swarmer 5 | . 2 3 Grunt 2 | . 2 . Best Kill Streak 5 | . 5 3 Combat Bots Only 3 | . 2 3 Max Kills in Single Turn 3 | . 1 3 Gunslinging . | . . . Exploded 3 | . 1 3 Melee . | . . . Uniques/NPCs Destroyed . | . . . Combat | -11 -10 -10 -------- Run | Yrd Mat Min Hostile Shots Fired 38 | . 14 24 Missed 13 | . 4 9 Hits 25 | . 10 15 Projectile 25 | . 10 15 AOE 11 | . . 11 Damage Taken 806 | . 84 722 Core 268 | . 12 256 Absorbed by Shields . | . . . Core Remaining (%) 100 | 100 . . Volleys Fired 17 | . 9 8 Largest 2 | . 2 2 Hottest 50 | . 50 50 Shots Fired 26 | . 15 11 Gun 17 | . 9 8 Cannon . | . . . Launcher 9 | . 6 3 Special . | . . . Kinetic 17 | . 9 8 Thermal . | . . . Explosive 9 | . 6 3 Electromagnetic . | . . . Robot Hit Streak 3 | . 3 2 Robot Miss Streak 3 | . 3 2 Penetration Max . | . . . Secondary Targets . | . . . Shots Hit Robots 11 | . 7 4 Core Hits 13 | . 8 5 Critical Kills . | . . . Critical Parts Destroyed . | . . . Critical Strikes . | . . . Melee Attacks . | . . . Impact . | . . . Slashing . | . . . Piercing . | . . . Sneak Attacks . | . . . Combat Hostiles . | . . . Follow-up Attacks . | . . . Damage Inflicted 413 | . 265 148 Guns 76 | . 35 41 Cannons . | . . . Explosions 334 | . 227 107 Melee . | . . . Ramming 3 | . 3 . Kinetic 76 | . 35 41 Thermal . | . . . Explosive 334 | . 227 107 Electromagnetic . | . . . Impact . | . . . Slashing . | . . . Piercing . | . . . Highest Corruption 1 | . . 1 Average Corruption 1 | . . 1 Corruption Purged . | . . . Corruption Blocked . | . . . Overload Shots . | . . . Overflow Damage 3 | . 3 . Projectiles . | . . . Explosions 3 | . 3 . Melee . | . . . Knockbacks . | . . . Impact . | . . . Kinetic . | . . . Secondary . | . . . Self-Inflicted Damage . | . . . Shots . | . . . Rammed . | . . . Targets Rammed 1 | . 1 . Kicked 1 | . 1 . Crushed . | . . . Highest Temperature 2 | . 2 . Average Temperature 2 | . 2 . Received Heat Transfer 6 | . 6 . Siege Activations . | . . . Martial Activations . | . . . Shielding Activations . | . . . Robots Disrupted . | . . . Combat Hostiles . | . . . Robots Corrupted . | . . . Combat Hostiles . | . . . Parts Fried . | . . . Impact Corruptions . | . . . Robots Melted . | . . . Combat Hostiles . | . . . Parts Melted . | . . . Heat Transferred . | . . . Parts Sabotaged . | . . . Parts Stolen . | . . . Parts Stripped . | . . . Power Chain Reactions . | . . . Alert | -11 -10 -10 ------- Run | Yrd Mat Min Maximum Alert Level . | . . . Low Security (%) 100 | 100 100 100 Level 1 . | . . . Level 2 . | . . . Level 3 . | . . . Level 4 . | . . . Level 5 . | . . . High Security . | . . . Max Security . | . . . Peak Influence 106 | . 106 106 Initial 29 | . . 29 Average 27 | . 27 37 Influence Increases 205 | . 126 79 Destroy 0b10 Robot/C 140 | . 80 60 Destroy 0b10 Robot/NC 5 | . 5 . Destroy Leader 32 | . 22 10 Destroy Structure 28 | . 19 9 Influence Decreases 205 | . 50 155 Entered New Map 47 | . . 47 Time Decay 156 | . 50 106 Lost Part 2 | . . 2 Squads Dispatched 1 | . 1 . Investigation 1 | . 1 . Extermination . | . . . Reinforcement . | . . . Assault . | . . . Garrison . | . . . Intercept . | . . . Searches Triggered . | . . . Construction Impeded . | . . . Haulers Reinforced . | . . . Active Scanning Responses . | . . . Cargo Convoy Interrupts . | . . . Stealth | -11 -10 -10 --------- Run | Yrd Mat Min Distress Signals . | . . . Communications Jammed . | . . . Distress Signals . | . . . Times Spotted 11 | . 7 4 Peak Tracking Total 4 | . 4 3 Tactical Retreats . | . . . Traps | -11 -10 -10 ------- Run | Yrd Mat Min Traps Triggered 1 | . 1 . Indirectly . | . . . Trap Hack Attempts . | . . . Triggered . | . . . Disarmed 6 | . 6 . Reprogrammed . | . . . Reused . | . . . Traps Extracted . | . . . Installed . | . . . Triggered . | . . . Machines | -11 -10 -10 ---------- Run | Yrd Mat Min Machines Disabled . | . . . Max in Single Turn . | . . . Machines Repaired . | . . . Machines Dismantled . | . . . Machines Sabotaged . | . . . Overloaded Fab Kills . | . . . Hacking | -11 -10 -10 --------- Run | Yrd Mat Min Machines Accessed 2 | . 2 . Terminals 1 | . 1 . Fabricators . | . . . Repair Stations . | . . . Recycling Units 1 | . 1 . Scanalyzers . | . . . Garrison Access . | . . . Total Hacks 8 | . 8 . Successful 6 | . 6 . Failed 2 | . 2 . Catastrophic . | . . . Database Lockouts . | . . . Manual . | . . . Terminals 1 | . 1 . Fabricators . | . . . Repair Stations . | . . . Recycling Units 7 | . 7 . Scanalyzers . | . . . Garrison Access . | . . . Terminal Hacks 1 | . 1 . Disarm Traps 1 | . 1 . Fabricator Hacks . | . . . Repair Station Hacks . | . . . Recycling Unit Hacks 5 | . 5 . Recycle Component 1 | . 1 . Process 1 | . 1 . Report Inventory 1 | . 1 . Retrieve Components 2 | . 2 . Scanalyzer . | . . . Garrison Access Hacks . | . . . Unauthorized Hacks . | . . . Terminals . | . . . Fabricators . | . . . Repair Stations . | . . . Recycling Units . | . . . Scanalyzers . | . . . Garrison Access . | . . . Data Cores Recovered . | . . . Used . | . . . Hacking Detections . | . . . Full Trace Events . | . . . Feedback Events . | . . . Feedback Blocked . | . . . Robot Schematics Acquired . | . . . Robots Built . | . . . Authchips . | . . . Time . | . . . Total Robot Build Rating . | . . . Part Schematics Acquired . | . . . Parts Built . | . . . Authchips . | . . . Time . | . . . Total Part Build Rating . | . . . Part Studies Acquired . | . . . Parts Repaired . | . . . Time . | . . . Parts Recycled 1 | . 1 . Recycled Matter 27 | . 27 . Retrieved Matter . | . . . Retrieved Components . | . . . Parts Scanalyzed . | . . . Part Schematics Acquired . | . . . Parts Damaged . | . . . Bothacking | -11 -10 -10 ------------ Run | Yrd Mat Min Used RIF Installer . | . . . Robots Hacked . | . . . Non-combat . | . . . Combat . | . . . Robot Hacks Applied . | . . . Relay Couplers Released . | . . . Fabnet Peak Effective % . | . . . Robots Rewired . | . . . Allies Hacked . | . . . Hacks Repelled . | . . . Allies | -11 -10 -10 -------- Run | Yrd Mat Min Total Allies . | . . . Largest Group . | . . . Highest-Rated Group . | . . . Highest-Rated Ally . | . . . Total Orders . | . . . Ally Attacks . | . . . Total Damage . | . . . Kills . | . . . Allies Corrupted . | . . . Allies Melted . | . . . Intel | -11 -10 -10 ------- Run | Yrd Mat Min Active Infowar (turns) 454 | . 140 314 Sensors 454 | . 140 314 Robot Analysis Total . | . . . Derelict Logs Recovered . | . . . Drone Launches . | . . . Drone Recoveries . | . . . Exploration | -11 -10 -10 ------------- Run | Yrd Mat Min Turns Passed 653 | 114 223 316 Spaces Moved 341 | 83 144 114 Core 36 | 36 . . Treads 16 | 16 . . Legs 289 | 31 144 114 Wheels . | . . . Hover . | . . . Flight . | . . . Fastest Speed 50 | 50 120 260 Average Speed 168 | 105 132 260 Slowest Speed 260 | 160 260 260 Overloaded Moves . | . . . Propulsion Burnouts . | . . . Robots Hopped . | . . . Potential Cave-ins . | . . . Cave-ins Triggered 1 | . . 1 Exploration Rate (%) 25 | 4 32 40 Regions Visited 2 Branch Regions 1 Pre-discovered Areas . | . . . Known Exits Taken . | . . . Unknown Exits Taken 2 | 1 1 . Scrap Searched . | . . . Spaces Dug . | . . . Terrain Destroyed 39 | . 19 20 Melee . | . . . Projectile . | . . . AOE 39 | . 19 20 Terrain Rammed . | . . . Walls Destroyed . | . . . Machines Disabled . | . . . Actions | -11 -10 -10 --------- Run | Yrd Mat Min Total 398 | 112 162 124 Wait 6 | 6 . . Move 339 | 82 143 114 Hop . | . . . Pick Up 16 | 11 4 1 Fast Attach . | . . . Attach 9 | 7 2 . Detach 3 | 1 1 1 Swap 1 | . 1 . Drop 6 | 5 1 . Fire 17 | . 9 8 Melee . | . . . Ram . | . . . Kick 1 | . 1 . Crush . | . . . Escape Stasis . | . . . Rewire . | . . . Trap . | . . . Miscellaneous . | . . . Route ------- -11/Scrapyard -10/Materials -10/Mines History --------- Turn | Location | Event 5 | -11/Scrapyard | Discovered new exit (range 16) 115 | -11/Scrapyard | Entered Materials 288 | -10/Materials | Discovered new exit (range 14) 327 | -10/Materials | Build established: Mutant 338 | -10/Materials | Entered Mines 648 | -10/Mines | Crushed by falling debris 648 | -10/Mines | Core integrity fell below 50% 653 | -10/Mines | Core integrity fell below 20% 654 | -10/Mines | Destroyed by YI-UF0 with YI-UF0's Doublenader Last Messages --------------- The unstable cave ceiling collapses. Ion Engine destroyed. The unstable cave ceiling collapses. U-05 Engineer lays Concrete. YI-UF0: "BWOOM!" K-01 Serf destroyed. The unstable cave ceiling collapses. U-05 Engineer lays Concrete. R-06 Scavenger collects Wheel. U-05 Engineer builds a Wall. R-06 Scavenger destroyed. The unstable cave ceiling collapses. Crushed by falling debris. [Achievement: Unlikely Earthworm] Aluminum Leg destroyed. System corrupted by crushing effect (+1). The unstable cave ceiling collapses. YI-UF0 mumbles something. Aluminum Leg destroyed. Sensor Array destroyed. Map ----- +----------------------------------------------------+ | ?????????????????????????????????????????????????? | | ?????????????????????????????????????????????????? | | ?????????????????????????????????????????????????? | | ?????????????????????????????????????????????????? | | ?????????????????????????????????????????????????? | | ?????????????????????????????????????????????????? | | ?????????????????????????????????????????????????? | | ?????????????????????????????????????????????????? | | ?????????????????????????????????????????????????? | | ?????????????????????????????????????????????????? | | ?????????????????????? ??????????????????????????? | | ???????????????????# ?????????????????????????? | | ????????????????? ## ?????????????????????????? | | ??????????????? # #????????????????????????? | | ?????????????? # ??????????""????????????? | | ?????????????? ###??????? ?????????????? | | ??????????????? = ## #####?? ##????????????? | | ###?????????????# ## #????????????? | | ###????????????# # # ##???????????? | | ##???????????# #???????????? | | #???????????# ## # # #???????????? | | ##??????##### g # ##??????????? | | #?????## # ####???????? | | # #????## ## ??????? | | # #???## ??????? | | # #???# @ #?????????? | | #???# ## #??????????? | | ##???# # % #??????????? | | ##???# # #?????????? | | ###??# #?????????? | | ## #### ##?????????? | | #### ## #?????????? | | #### ????????? | | ## # ????????? | | ## ### ### # ### ######### ?????????? | | ## ###?#####?#### ###?? #????????? ?????????? | | ## #####????????# ###???? ???????????????????? | | ## #????????###?????? ???????????????????? | | ### #????????????????? ???????????????????? | | ??##### #?????????????????? ???????????????????? | | ??????# ###????????????????? ???????????????????? | | ??????# #????????????????? ???????????????????? | | ??????## #?????????????????????????????????????? | | ???###### ####??????????????????????????????????? | | ??## # = # #??????????????????????????????????? | | ?## * * ##?????????????????????????????????? | | ?# ##????????????????????????????????? | | ?# #????????????????????????????????? | | ?## [ #????????????????????????????????? | | ??######### #????????????????????????????????? | +----------------------------------------------------+ Best States ------------- Heat Dissipation 25 Energy Generation 10 Energy Capacity 250 Matter Stores 231 Matter Capacity 300 Sight Range 16 Robot Scan Range 14 Terrain Scan Density 10 Evasion (%) 55 Recoil Reduction 1 Item Schematics ----------------- None Robot Schematics ------------------ None Fabricated ------------ Nothing Repaired ---------- Nothing Studied --------- None Alien Tech Used ----------------- None Achievements -------------- Unlikely Earthworm Challenges ------------ None Game ------ Seed CloakArmorMace Manual? 0 Play Time 00:06:17 Cumulative 1.6 hours Start 2025.11.15 @ 02:53:29 End 2025.11.15 @ 02:58:27 Sessions 1 Manual Loads 0 Difficulty Rogue Special Mode None Game No. 7 Rogue 7 Adventurer 0 Explorer 0 Win Type - Total 0 Types 0/0/0/0/0/0/0/0/0/0 Lore% 1 Gallery% 5 Achievement% 4 Wizard Run 0 Options --------- Layout 1 ASCII 0 Keyboard 0 Movement Arrows Keybinds 0 Fullscreen 2 Font 24/Smallcaps Map View 50x35 Zoom Use 0% Tactical HUD 0 Map Filters NONE Filters NONE Steam 1 RUN: a5a5a182-a32d-4a4f-a452-e3e5ce953e94